Cogmind - Beta 15 @@@ ROGUE MODE // 2025.07.12 @ 13:13:54 Player: b_ Result: Destroyed self with Rocket Array Performance ------------- Evolutions (3) 1500 Regions Visited (9) 1800 Robots Destroyed (162) 810 Value Destroyed (7251) 7251 Prototype IDs (34) 680 Alien Tech Used (0) 0 Bonus (3541) 3541 TOTAL SCORE: 15582 Bonus ------- High Alert Combat Kills 1624 Follower Combat Kills 217 Entered Garrisons 400 Used RIF Installer 1000 Aligned with FarCom 300 Cogmind --------- Core Integrity 0/700 Matter 3/300 Energy 84/100 System Corruption 0% Temperature Cool (0) Movement Core (150) Ox2 Location -7/Factory Parts ------- > --- POWER (1) -------- (None) > --- PROPULSION (2) --- (None) > --- UTILITY (7) ------ Relay Coupler [NC] (27) Relay Coupler [Swarmer] (15) > --- WEAPON (3) ------- Rocket Array > --- INVENTORY (5) ---- Enhanced Nuclear Core Hacking Suite System Shield Peak State ------------ > --- POWER ------------ Fission Core > --- PROPULSION ------- Improved Treads Advanced Treads > --- UTILITY ---------- Improved Cooling System High-capacity Storage Unit Phase Shifter Heavy Armor Plating > --- WEAPON ----------- AWS/Thermal Katana > --- INVENTORY -------- Light Deuterium Engine Light Nuclear Core Light Treads Armored Treads Advanced Treads Improved Cooling System High-capacity Matter Pod Experimental Sensor Array Improved Particle Charger Hardened Medium Armor Plating Hardened Medium Armor Plating Hacking Suite Relay Coupler [NC] Relay Coupler [Grunt] Relay Coupler [Sentry] Plasma Rifle Minigun Gauss Cannon Datajack [Rating: 51] Favorites ----------- Power Light Nuclear Core Engine Heavy Ion Engine Power Core Light Nuclear Core Propulsion Armored Treads Treads Armored Treads Wheel Wheel Utility High-capacity Storage Unit Device Improved Cooling System Storage High-capacity Storage Unit Processor Targeting Computer Hackware Hacking Suite Protection Hardened Medium Armor Plating Weapon Katana Energy Gun Heavy Particle Gun Energy Cannon Improved EM Pulse Cannon Ballistic Gun Assault Rifle Ballistic Cannon Gauss Cannon Launcher Rocket Launcher Special Weapon Remote Datajack Impact Weapon Mace Slashing Weapon Katana Special Melee Weapon Datajack Build | -11 -10 -10 -10 -9 -8 -8 -8 -8 -7 ------- Run | Yrd Mat Min Exi Min Mat Gar Mat Gar Fac Slots Evolved 6 | . . . . . 4 . . . 2 Power . | . . . . . . . . . . Propulsion . | . . . . . . . . . . Utility 5 | . . . . . 3 . . . 2 Weapon 1 | . . . . . 1 . . . . Parts Attached 94 | 6 2 6 2 1 21 3 16 12 25 Power 13 | 1 . 2 . . 3 2 . 1 4 Engine 5 | 1 . 1 . . 3 . . . . Core 8 | . . 1 . . . 2 . 1 4 Reactor . | . . . . . . . . . . Propulsion 18 | 2 1 3 . . 2 . 5 . 5 Treads 11 | . . 2 . . 1 . 5 . 3 Leg . | . . . . . . . . . . Wheel 7 | 2 1 1 . . 1 . . . 2 Hover . | . . . . . . . . . . Flight . | . . . . . . . . . . Utility 37 | 1 1 1 2 1 8 . 5 9 9 Device 13 | . . . . 1 5 . 3 2 2 Storage 3 | 1 . . 2 . . . . . . Processor 1 | . 1 . . . . . . . . Hackware 9 | . . . . . 1 . . 3 5 Protection 11 | . . 1 . . 2 . 2 4 2 Artifact . | . . . . . . . . . . Weapon 26 | 2 . . . . 8 1 6 2 7 Energy Gun 7 | . . . . . 5 1 . . 1 Energy Cannon 1 | . . . . . . . . . 1 Ballistic Gun 5 | 2 . . . . 1 . 1 . 1 Ballistic Cannon 1 | . . . . . . . 1 . . Launcher 5 | . . . . . 2 . . 1 2 Special Weapon 2 | . . . . . . . . . 2 Impact Weapon 3 | . . . . . . . 2 1 . Slashing Weapon 1 | . . . . . . . 1 . . Piercing Weapon . | . . . . . . . . . . Special Melee Weapon 1 | . . . . . . . 1 . . Unidentified Prototypes 6 | . . . . 1 4 . . . 1 Corrupted Parts 1 | . . . . . . . . 1 . System Corruption 1 | . . . . . . . . 1 . Parts Lost 33 | . . 2 . . 3 . 1 8 19 Power 5 | . . 1 . . . . . 3 1 Propulsion 6 | . . 1 . . . . . 1 4 Utility 14 | . . . . . 2 . 1 3 8 Weapon 8 | . . . . . 1 . . 1 6 Highest Loss Streak 8 | . . 1 . . 2 . 1 3 8 To Critical Strikes . | . . . . . . . . . . Average Backups 16 | 1 7 7 9 10 13 19 19 18 18 Power 1 | . 1 . 1 1 2 2 2 1 1 Propulsion 2 | . 4 4 4 4 2 3 2 2 1 Utility 8 | . . 1 2 3 6 10 10 9 10 Weapon 2 | . 1 1 1 2 2 2 3 2 4 Tool/Special . | . . . . . . . . . . Unused Backups 24 | . 1 2 1 . 5 4 2 1 8 Power 5 | . . . . . 1 1 . 1 2 Propulsion 2 | . . 1 . . . 1 . . . Utility 13 | . . . 1 . 3 2 2 . 5 Weapon 3 | . . 1 . . 1 . . . 1 Tool/Special 1 | . 1 . . . . . . . . Average Slot Usage (%) 94 | . 92 99 100 100 95 90 91 95 95 Engine 2 | . 14 7 . . 8 1 . 2 . Core 6 | . . 6 14 14 . 7 9 6 6 Treads 15 | . . 12 14 14 13 18 18 18 12 Wheel 2 | . 28 15 14 14 4 . . . 1 Device 13 | . . . . 7 20 18 17 12 7 Storage 9 | . 14 14 14 14 9 9 9 9 6 Hackware 9 | . . . . . 8 9 5 4 26 Protection 9 | . . 5 14 6 3 9 9 15 8 Energy Gun 8 | . . . . . 16 17 10 2 4 Ballistic Gun 6 | . 28 28 28 28 5 . 4 5 2 Ballistic Cannon 1 | . . . . . . . 2 3 1 Launcher 2 | . . . . . 4 1 . 5 . Impact Weapon 1 | . . . . . . . 5 . . Slashing Weapon 3 | . . . . . . . . 9 6 Peak Build Rating 51 | 6 7 14 15 22 46 49 50 51 51 Average Rating 38 | 4 6 10 14 18 34 45 44 38 45 On Entrance 22 | . 6 7 14 15 22 34 48 44 39 Naked Turns . | . . . . . . . . . . Heaviest Build 82 | 14 14 16 31 31 76 71 82 81 76 Greatest Support 51 | 26 26 20 10 10 51 42 45 45 44 Greatest Overweight (x) 5 | 4 . 1 3 3 3 1 1 1 5 Average Overweight (x) 1 | . . . 2 2 . 1 1 1 1 Largest Inventory Capacity 20 | 8 8 8 20 15 20 20 20 20 20 Average Capacity 18 | 7 8 8 13 15 16 20 20 20 19 Most Carried 20 | 4 8 8 11 13 17 20 20 20 20 Average Carried 17 | 1 7 7 9 11 14 19 19 19 19 Final Capacity 20 | 8 8 8 15 15 20 20 20 20 5 Final Carried 20 | 4 8 8 11 13 14 20 20 20 3 Class Distribution -------------------- 44% | Mutant 20% | Tank 17% | Skirmisher 17% | Bothacker-Mutant Dominant Class ---------------- Mutant | -10/Materials Mutant | -10/Mines Mutant | -10/Exiles Skirmisher | -9/Mines Skirmisher | -8/Materials Tank | -8/Garrison Mutant | -8/Materials Mutant | -8/Garrison Bothacker-Mutant | -7/Factory Resources | -11 -10 -10 -10 -9 -8 -8 -8 -8 -7 ----------- Run | Yrd Mat Min Exi Min Mat Gar Mat Gar Fac Matter Collected 3279 | 206 30 278 80 10 563 221 559 815 517 Remotely 304 | . . . . . 304 . . . . Salvage Created 4650 | . 30 174 . . 1495 592 1125 563 671 Parts 298 | . 5 9 . . 102 40 56 48 38 Haulers Intercepted 2 | . . . . . 2 . . . . Recyclers Shooed 1 | . . . . . 1 . . . . Parts Field Recycled . | . . . . . . . . . . Retrieved Matter . | . . . . . . . . . . Parts Self-Destructed . | . . . . . . . . . . Prevented . | . . . . . . . . . . Kills | -11 -10 -10 -10 -9 -8 -8 -8 -8 -7 ------- Run | Yrd Mat Min Exi Min Mat Gar Mat Gar Fac Combat Hostiles Destroyed 135 | . 2 5 . . 32 16 30 27 23 Melee 9 | . . . . . . . . 1 8 Guns 54 | . 2 5 . . 13 8 18 6 2 Cannons 9 | . . . . . . . 7 2 . AOE 59 | . . . . . 19 8 3 17 12 Classes Destroyed 17 | . 1 1 . . 9 1 4 1 . Worker 7 | . . . . . 4 . . . 3 Builder 6 | . . . . . 4 . 1 . 1 Hauler 2 | . . . . . 2 . . . . Recycler 1 | . . . . . 1 . . . . Mechanic 1 | . . . . . . . 1 . . Operator 2 | . . . . . 2 . . . . Watcher 7 | . . . . . 3 3 1 . . Swarmer 42 | . 2 2 . . 9 4 6 11 8 Cutter 2 | . . . . . . 2 . . . Grunt 48 | . . 3 . . 15 7 11 5 7 Brawler 3 | . . . . . . . 1 1 1 Duelist 5 | . . . . . . . 3 1 1 Protector 2 | . . . . . . . 1 . 1 Sentry 17 | . . . . . 6 3 6 2 . Specialist 6 | . . . . . 2 . 2 . 2 Hunter 2 | . . . . . 1 . . 1 . Programmer 9 | . . . . . . . . 6 3 Best Kill Streak 8 | . 2 2 . . 8 5 6 6 6 Combat Bots Only 6 | . 2 2 . . 4 5 6 6 5 Max Kills in Single Turn 4 | . 1 1 . . 3 3 2 3 4 Gunslinging 1 | . . . . . 1 . . . . Exploded 4 | . . . . . 2 3 1 3 4 Melee 1 | . . . . . . . . 1 1 Uniques/NPCs Destroyed . | . . . . . . . . . . Combat | -11 -10 -10 -10 -9 -8 -8 -8 -8 -7 -------- Run | Yrd Mat Min Exi Min Mat Gar Mat Gar Fac Hostile Shots Fired 726 | . 6 40 . . 103 13 117 173 274 Missed 235 | . 1 11 . . 35 7 33 62 86 Hits 491 | . 5 29 . . 68 6 84 111 188 Melee 1 | . . . . . . . 1 . . Projectile 490 | . 5 29 . . 68 6 83 111 188 AOE 1 | . . . . . . 1 . . . Critical Strikes 15 | . . . . . 2 . 4 5 4 Damage Taken 7636 | . 37 328 . . 1098 166 1034 1890 3083 Core 1257 | . 9 63 . . 65 43 179 193 705 Absorbed by Shields 284 | . . . . . 36 24 224 . . Regen/Repaired (Parts) 313 | . . . . . 11 . 261 . 41 Core Remaining (%) 61 | 100 . . . 71 . . . 12 . Volleys Fired 323 | . 3 21 . . 72 30 67 72 58 Largest 3 | . 2 2 . . 3 2 3 2 2 Hottest 170 | . 40 40 . . 150 105 170 108 69 Shots Fired 629 | . 6 42 . . 135 67 195 117 67 Gun 468 | . 6 42 . . 116 58 149 71 26 Cannon 73 | . . . . . . . 43 22 8 Launcher 60 | . . . . . 19 9 3 24 5 Special 28 | . . . . . . . . . 28 Kinetic 196 | . 6 42 . . 12 . 59 55 22 Thermal 279 | . . . . . 49 54 133 38 5 Explosive 60 | . . . . . 19 9 3 24 5 Electromagnetic 66 | . . . . . 55 4 . . 7 Robot Hit Streak 22 | . 1 8 . . 12 18 22 11 6 Robot Miss Streak 5 | . 2 2 . . 5 1 3 3 5 Penetration Max 1 | . . . . . . . 1 . . Secondary Targets 1 | . . . . . 1 . . . . Max Gunslinging Chain 1 | . . . . . 1 . . . . Autonomous 109 | . . . . . 4 33 69 3 . Shots Hit Robots 436 | . 2 29 . . 91 39 151 66 58 Core Hits 260 | . 2 8 . . 82 28 44 41 55 Critical Kills 3 | . . 1 . . 1 . 1 . . Critical Parts Destroyed . | . . . . . . . . . . Critical Strikes 22 | . . 1 . . 5 . 10 5 1 Burn 13 | . . . . . 4 . 6 3 . Destroy 3 | . . 1 . . 1 . 1 . . Blast 4 | . . . . . . . 2 2 . Sever 2 | . . . . . . . 1 . 1 Melee Attacks 110 | . . . . . . . 22 60 28 Impact 21 | . . . . . . . 21 . . Slashing 86 | . . . . . . . 1 57 28 Piercing . | . . . . . . . . . . Sneak Attacks 4 | . . . . . . . 1 2 1 Combat Hostiles . | . . . . . . . . . . Follow-up Attacks . | . . . . . . . . . . Damage Inflicted 15554 | . 23 365 . . 4060 1627 4296 2822 2361 Guns 7112 | . 23 365 . . 1590 961 3020 856 297 Cannons 1297 | . . . . . . . 846 318 133 Explosions 6293 | . . . . . 2470 666 296 1434 1427 Melee 852 | . . . . . . . 134 214 504 Ramming . | . . . . . . . . . . Kinetic 2365 | . 23 365 . . 96 . 1023 634 224 Thermal 5368 | . . . . . 1020 892 2843 540 73 Explosive 5901 | . . . . . 2078 666 296 1434 1427 Electromagnetic 1068 | . . . . . 866 69 . . 133 Impact 105 | . . . . . . . 105 . . Slashing 747 | . . . . . . . 29 214 504 Piercing . | . . . . . . . . . . Highest Corruption 9 | . . . . . . . . 9 2 Average Corruption 3 | . . . . . . . . 4 1 Corruption Purged 4 | . . . . . . . . . 4 Corruption Blocked . | . . . . . . . . . . Effects 48 | . . . . . . . . 43 5 Message Errors 14 | . . . . . . . . 11 3 Matter Fused 17 | . . . . . . . . 16 1 Heat Flow Errors 4 | . . . . . . . . 4 . Energy Discharges 1 | . . . . . . . . 1 . Data Loss (minor) 2 | . . . . . . . . 2 . Data Loss (major) 6 | . . . . . . . . 5 1 Misfires 4 | . . . . . . . . 4 . Overload Shots . | . . . . . . . . . . Overflow Damage 440 | . . . . . 84 18 83 237 18 Projectiles 78 | . . . . . . . 39 27 12 Explosions 286 | . . . . . 84 18 10 168 6 Melee 76 | . . . . . . . 34 42 . Knockbacks 15 | . . . . . . . 12 3 . Impact 1 | . . . . . . . 1 . . Kinetic 14 | . . . . . . . 11 3 . Secondary . | . . . . . . . . . . Self-Inflicted Damage 687 | . . . . . 134 76 26 276 175 Shots 25 | . . . . . 3 3 1 9 9 Rammed . | . . . . . . . . . . Targets Rammed . | . . . . . . . . . . Kicked . | . . . . . . . . . . Crushed . | . . . . . . . . . . Highest Temperature 248 | . . 2 . . 207 24 221 248 92 Average Temperature 50 | . . 1 . . 57 11 57 43 39 Received Heat Transfer 1734 | . . 147 . . 419 31 402 279 456 Siege Activations . | . . . . . . . . . . Martial Activations . | . . . . . . . . . . Shielding Activations . | . . . . . . . . . . Robots Disrupted . | . . . . . . . . . . Combat Hostiles . | . . . . . . . . . . Robots Corrupted 1 | . . . . . . . 1 . . Combat Hostiles . | . . . . . . . . . . Parts Fried 2 | . . . . . 1 . 1 . . Impact Corruptions 2 | . . . . . . . 2 . . Robots Melted 4 | . . . . . . . 2 1 1 Combat Hostiles 4 | . . . . . . . 2 1 1 Parts Melted 22 | . . . . . 3 1 10 8 . Heat Transferred 9705 | . . . . . 1893 1164 5063 1437 148 Parts Sabotaged . | . . . . . . . . . . Parts Stolen . | . . . . . . . . . . Parts Stripped . | . . . . . . . . . . Power Chain Reactions 6 | . . . . . 6 . . . . Alert | -11 -10 -10 -10 -9 -8 -8 -8 -8 -7 ------- Run | Yrd Mat Min Exi Min Mat Gar Mat Gar Fac Maximum Alert Level 5 | . . . . . 2 4 3 5 3 Low Security (%) 19 | 100 100 100 . 100 74 . 3 . . Level 1 18 | . . . . . 14 . 67 9 . Level 2 14 | . . . . . 10 13 3 33 11 Level 3 35 | . . . . . . 44 25 33 88 Level 4 9 | . . . . . . 42 . 14 . Level 5 1 | . . . . . . . . 7 . High Security . | . . . . . . . . . . Max Security . | . . . . . . . . . . Peak Influence 1908 | . 66 61 . . 668 1342 911 1908 1005 Initial 1001 | . . 21 . . . 434 653 172 1001 Average 605 | . 14 27 . . 151 968 438 852 813 Influence Increases 5986 | . 66 150 . . 1223 908 895 1876 868 Destroy 0b10 Robot/C 2800 | . 40 100 . . 720 320 580 540 500 Destroy 0b10 Robot/NC 150 | . . . . . 80 15 20 10 25 Destroy Leader 522 | . 10 20 . . 190 20 142 30 110 Allied During Kill 27 | . . . . . 22 . . . 5 Successful Hack 90 | . . . . . 17 12 8 21 32 Disable Machine 270 | . . . . . 30 45 60 90 45 Anti-Garrison Action 1350 | . . . . . . 400 . 950 . Destroy Structure 552 | . 1 . . . 119 96 40 220 76 Partial Spotted 15 | . . . . . 15 . . . . Lose Combat Pursuer 210 | . 15 30 . . 30 . 45 15 75 Influence Decreases 4995 | . 10 206 . . 555 234 1971 234 1785 Entered New Map 1959 | . . 35 . . . 234 689 94 907 Time Decay 1966 | . 10 151 . . 485 . 672 . 648 Lost Part 330 | . . 20 . . 30 . 10 80 190 Lost Ally 140 | . . . . . 40 . . 60 40 Purge Threat 600 | . . . . . . . 600 . . Squads Dispatched 23 | . 1 1 . . 4 . 5 . 12 Investigation 4 | . 1 1 . . . . 1 . 1 Extermination 2 | . . . . . . . . . 2 Reinforcement 10 | . . . . . 4 . 3 . 3 Assault 4 | . . . . . . . 1 . 3 Garrison 3 | . . . . . . . . . 3 Intercept . | . . . . . . . . . . Searches Triggered . | . . . . . . . . . . Construction Impeded 2 | . . . . . 2 . . . . Haulers Reinforced . | . . . . . . . . . . Active Scanning Responses . | . . . . . . . . . . Cargo Convoy Interrupts 1 | . . . . . . . . . 1 Stealth | -11 -10 -10 -10 -9 -8 -8 -8 -8 -7 --------- Run | Yrd Mat Min Exi Min Mat Gar Mat Gar Fac Distress Signals 14 | . 1 . . . 8 1 2 . 2 Communications Jammed . | . . . . . . . . . . Distress Signals . | . . . . . . . . . . Times Spotted 204 | . 4 7 . . 51 17 52 25 48 Peak Tracking Total 7 | . 3 5 . . 6 5 6 6 7 Tactical Retreats 12 | . 1 2 . . 2 . 3 1 3 Traps | -11 -10 -10 -10 -9 -8 -8 -8 -8 -7 ------- Run | Yrd Mat Min Exi Min Mat Gar Mat Gar Fac Traps Triggered 17 | . 1 . . . 1 5 1 4 5 Indirectly . | . . . . . . . . . . Trap Hack Attempts . | . . . . . . . . . . Triggered . | . . . . . . . . . . Disarmed . | . . . . . . . . . . Reprogrammed . | . . . . . . . . . . Reused . | . . . . . . . . . . Traps Extracted . | . . . . . . . . . . Installed . | . . . . . . . . . . Triggered . | . . . . . . . . . . Most Traps Carried 4 | . . . . . . . . 4 4 Machines | -11 -10 -10 -10 -9 -8 -8 -8 -8 -7 ---------- Run | Yrd Mat Min Exi Min Mat Gar Mat Gar Fac Machines Disabled 32 | . . . . . 2 9 4 14 3 Max in Single Turn 3 | . . . . . 1 3 1 3 . Garrison Access 1 | . . . . . . . . . 1 Garrison Relay 8 | . . . . . . 3 . 5 . Phase Generator 2 | . . . . . . 1 . 1 . Machines Repaired . | . . . . . . . . . . Machines Dismantled . | . . . . . . . . . . Machines Sabotaged . | . . . . . . . . . . Overloaded Fab Kills . | . . . . . . . . . . Hacking | -11 -10 -10 -10 -9 -8 -8 -8 -8 -7 --------- Run | Yrd Mat Min Exi Min Mat Gar Mat Gar Fac Machines Accessed 34 | . . 1 2 . 6 3 11 3 8 Terminals 20 | . . . . . 4 3 7 3 3 Fabricators . | . . . . . . . . . . Repair Stations 3 | . . . . . 1 . 1 . 1 Recycling Units 3 | . . . . . . . 1 . 2 Scanalyzers 2 | . . . . . . . 1 . 1 Garrison Access 3 | . . . . . 1 . 1 . 1 Total Hacks 81 | . . 1 3 . 19 6 36 5 11 Successful 46 | . . 1 3 . 9 1 22 2 8 Failed 35 | . . . . . 10 5 14 3 3 Catastrophic 8 | . . . . . 4 1 . 1 2 Database Lockouts . | . . . . . . . . . . Manual 22 | . . . 1 . 3 . 15 . 3 Terminals 50 | . . . . . 13 6 22 5 4 Fabricators . | . . . . . . . . . . Repair Stations 8 | . . . . . 4 . 2 . 2 Recycling Units 4 | . . . . . . . 2 . 2 Scanalyzers 10 | . . . . . . . 8 . 2 Garrison Access 5 | . . . . . 2 . 2 . 1 Terminal Hacks 22 | . . 1 3 . 5 1 9 2 1 Record 2 | . . . 2 . . . . . . Robot Analysis 4 | . . . . . 2 . 2 . . Prototype ID Bank 1 | . . . . . . . . . 1 Open Door 2 | . . 1 . . . . . 1 . Emergency Access Points 1 | . . . . . . . . 1 . Alert Level 2 | . . . . . . . 2 . . Unreport Threat 4 | . . . . . . . 4 . . Locate Traps 3 | . . . . . 2 . 1 . . Registered Components 1 | . . . . . 1 . . . . Patrol Navigation 1 | . . . . . . 1 . . . Proto ID Catalog 1 | . . . 1 . . . . . . Fabricator Hacks . | . . . . . . . . . . Repair Station Hacks 7 | . . . . . 3 . 2 . 2 Scan Component 4 | . . . . . 2 . 1 . 1 Repair 3 | . . . . . 1 . 1 . 1 Recycling Unit Hacks 3 | . . . . . . . 1 . 2 Retrieve Components 3 | . . . . . . . 1 . 2 Scanalyzer 10 | . . . . . . . 8 . 2 Insert Component 5 | . . . . . . . 4 . 1 Analyze 5 | . . . . . . . 4 . 1 Garrison Access Hacks 4 | . . . . . 1 . 2 . 1 Unlock Access 2 | . . . . . 1 . 1 . . Seal Access 1 | . . . . . . . . . 1 Coupler Status 1 | . . . . . . . 1 . . Unauthorized Hacks . | . . . . . . . . . . Terminals . | . . . . . . . . . . Fabricators . | . . . . . . . . . . Repair Stations . | . . . . . . . . . . Recycling Units . | . . . . . . . . . . Scanalyzers . | . . . . . . . . . . Garrison Access . | . . . . . . . . . . Data Cores Recovered 1 | . . . . . 1 . . . . Used . | . . . . . . . . . . Hacking Detections 26 | . . . . . 6 3 11 2 4 Full Trace Events . | . . . . . . . . . . Feedback Events . | . . . . . . . . . . Feedback Blocked . | . . . . . . . . . . Robot Schematics Acquired . | . . . . . . . . . . Robots Built . | . . . . . . . . . . Authchips . | . . . . . . . . . . Time . | . . . . . . . . . . Total Robot Build Rating . | . . . . . . . . . . Part Schematics Acquired 4 | . . . . . . . 3 . 1 Parts Built . | . . . . . . . . . . Authchips . | . . . . . . . . . . Time . | . . . . . . . . . . Total Part Build Rating . | . . . . . . . . . . Parts Repaired 3 | . . . . . 1 . 1 . 1 Time 262 | . . . . . 136 . 38 . 88 Parts Recycled . | . . . . . . . . . . Recycled Matter . | . . . . . . . . . . Retrieved Matter . | . . . . . . . . . . Retrieved Components 16 | . . . . . . . 9 . 7 Parts Scanalyzed 4 | . . . . . . . 3 . 1 Part Schematics Acquired 4 | . . . . . . . 3 . 1 Parts Damaged 1 | . . . . . . . . . 1 Bothacking | -11 -10 -10 -10 -9 -8 -8 -8 -8 -7 ------------ Run | Yrd Mat Min Exi Min Mat Gar Mat Gar Fac Used RIF Installer 2 | . . . . . . 1 . 1 . Zone Cloak 1 | . . . . . . . . 1 . Robots Hacked 14 | . . . . . . . . 1 13 Non-combat 5 | . . . . . . . . . 5 Combat 9 | . . . . . . . . 1 8 Robot Hacks Applied 18 | . . . . . . . . 1 17 no_distress 1 | . . . . . . . . . 1 find_chute 2 | . . . . . . . . . 2 hold_bot 1 | . . . . . . . . . 1 drop_inventory 1 | . . . . . . . . . 1 ignore_parts 1 | . . . . . . . . . 1 emergency_deploy 1 | . . . . . . . . . 1 scatter_targeting 1 | . . . . . . . . . 1 spike_heat 1 | . . . . . . . . . 1 amplify_resonance 3 | . . . . . . . . . 3 go_dormant 1 | . . . . . . . . . 1 overwrite_iff 1 | . . . . . . . . . 1 streamctrl_high 1 | . . . . . . . . . 1 formatsys_low 1 | . . . . . . . . . 1 formatsys_high 2 | . . . . . . . . 1 1 Relay Couplers Released 34 | . . . . . . 13 . 21 . Machine Destruction 34 | . . . . . . 13 . 21 . Attached 7 | . . . . . . . . 3 4 Fabnet Peak Effective % . | . . . . . . . . . . Robots Rewired 2 | . . . . . . . . 2 . Allies Hacked . | . . . . . . . . . . Hacks Repelled . | . . . . . . . . . . Allies | -11 -10 -10 -10 -9 -8 -8 -8 -8 -7 -------- Run | Yrd Mat Min Exi Min Mat Gar Mat Gar Fac Total Allies 10 | . . . . 3 . . . 3 4 Largest Group 3 | . . . . 3 3 . . 2 1 Highest-Rated Group 59 | . . . . 40 40 . . 59 32 Highest-Rated Ally 39 | . . . . 16 16 . . 39 32 Total Orders . | . . . . . . . . . . Ally Attacks 38 | . . . . . 18 . . 6 14 Total Damage 1016 | . . . . . 179 . . 49 788 Kills 8 | . . . . . 4 . . . 4 Allies Corrupted 1 | . . . . . . . . . 1 Allies Melted 1 | . . . . . . . . . 1 Intel | -11 -10 -10 -10 -9 -8 -8 -8 -8 -7 ------- Run | Yrd Mat Min Exi Min Mat Gar Mat Gar Fac Active Infowar (turns) 497 | . . . . 175 183 . . . 139 Sensors 358 | . . . . 175 183 . . . . Jamming 139 | . . . . . . . . . 139 Robot Analysis Total 4 | . . . . . 2 . 2 . . Derelict Logs Recovered 3 | . . 1 . 2 . . . . . Drone Launches . | . . . . . . . . . . Drone Recoveries . | . . . . . . . . . . Exploration | -11 -10 -10 -10 -9 -8 -8 -8 -8 -7 ------------- Run | Yrd Mat Min Exi Min Mat Gar Mat Gar Fac Turns Passed 13491 | 57 86 349 712 313 2213 2074 2612 2701 2374 Spaces Moved 5850 | 38 84 230 593 267 1157 814 748 919 1000 Core 42 | 12 . . . . 10 . . . 20 Treads 3672 | . . 36 . . 496 814 748 919 659 Legs . | . . . . . . . . . . Wheels 2136 | 26 84 194 593 267 651 . . . 321 Hover . | . . . . . . . . . . Flight . | . . . . . . . . . . Fastest Speed 50 | 50 80 80 95 110 95 237 232 232 50 Average Speed 186 | 102 80 104 118 116 141 237 236 240 198 Slowest Speed 250 | 250 90 170 125 125 250 237 245 245 245 Overloaded Moves . | . . . . . . . . . . Propulsion Burnouts . | . . . . . . . . . . Robots Hopped . | . . . . . . . . . . Potential Cave-ins . | . . . . . . . . . . Cave-ins Triggered . | . . . . . . . . . . Exploration Rate (%) 56 | 3 23 46 89 57 81 76 73 86 28 Regions Visited 9 Branch Regions 3 Pre-discovered Areas 2 | . . . 1 1 . . . . . Known Exits Taken 2 | . . . . . 1 . 1 . . Unknown Exits Taken 5 | 1 1 1 1 1 . . . . . Scrap Searched 2 | . . 1 . 1 . . . . . Spaces Dug 38 | . . . . . . . 6 21 11 Terrain Destroyed 513 | . . . . . 116 89 37 196 75 Melee 22 | . . . . . . . 6 5 11 Projectile 22 | . . . . . 1 1 17 2 1 AOE 469 | . . . . . 115 88 14 189 63 Terrain Rammed . | . . . . . . . . . . Walls Destroyed . | . . . . . . . . . . Machines Disabled . | . . . . . . . . . . Actions | -11 -10 -10 -10 -9 -8 -8 -8 -8 -7 --------- Run | Yrd Mat Min Exi Min Mat Gar Mat Gar Fac Total 7834 | 52 96 297 600 269 1620 928 1448 1218 1306 Wait 1209 | 5 1 33 1 . 318 48 553 115 135 Move 5842 | 37 83 229 592 266 1156 813 748 918 1000 Hop . | . . . . . . . . . . Pick Up 92 | 4 5 4 2 2 17 11 12 12 23 Fast Attach 18 | 6 1 . . . 5 . 2 2 2 Attach 54 | . . 2 . . 9 1 6 16 20 Detach 17 | . . . . . 5 2 1 6 3 Swap 83 | . 1 4 3 1 22 7 20 10 15 Drop 76 | . 2 4 2 . 16 8 17 5 22 Fire 323 | . 3 21 . . 72 30 67 72 58 Melee 110 | . . . . . . . 22 60 28 Ram . | . . . . . . . . . . Kick . | . . . . . . . . . . Crush . | . . . . . . . . . . Escape Stasis 10 | . . . . . . 8 . 2 . Rewire . | . . . . . . . . . . Trap . | . . . . . . . . . . Miscellaneous . | . . . . . . . . . . Route ------- -11/Scrapyard -10/Materials -10/Mines (discovered 2 exits: [*Mat] / *Exi) -10/Exiles -9/Mines -8/Materials (discovered 4 exits: *Fac x3 / Gar) -8/Garrison (discovered 3 exits: *Mat x3) -8/Materials (discovered 2 exits: *Fac / Gar) -8/Garrison (discovered 3 exits: *Fac x3) -7/Factory History --------- Turn | Location | Event 5 | -11/Scrapyard | Discovered new exit (range 16) 58 | -11/Scrapyard | Entered Materials 132 | -10/Materials | Discovered new exit (range 8) 144 | -10/Materials | Entered Mines 159 | -10/Mines | Discovered new exit (range 8) 264 | -10/Mines | Learned 2 Materials zone layouts 306 | -10/Mines | Build established: Mutant 326 | -10/Mines | Met a Derelict shopkeep closing up shop 490 | -10/Mines | Deemed a non-threat by the Exiles lab entrance 490 | -10/Mines | Discovered new exit (range 5) 493 | -10/Mines | Entered Exiles 516 | -10/Exiles | Met 8R-AWN 532 | -10/Exiles | Met EX-HEX 578 | -10/Exiles | Met EX-DEC 668 | -10/Exiles | Learned location of Zion (-6) 780 | -10/Exiles | Discovered new exit (range 10) 865 | -10/Exiles | Met EX-BIN 885 | -10/Exiles | Aligned with FarCom system 886 | -10/Exiles | Given EX-Vault access code 915 | -10/Exiles | Opened EX-Vault 924 | -10/Exiles | Found AWS/Thermal 960 | -10/Exiles | Warned to stay clear of 0b10 Research branches 1028 | -10/Exiles | Visited The Gauntlet 1205 | -10/Exiles | Left Exiles lab with AWS/Thermal 1205 | -10/Exiles | Entered Mines 1340 | -9/Mines | Found a damaged Exp. Sensor Array with a note attached 1343 | -9/Mines | Found Prototype Device 1343 | -9/Mines | Identified Exp. Sensor Array 1495 | -9/Mines | Learned Materials stockpile data 1503 | -9/Mines | Discovered new exit (range 8) 1514 | -9/Mines | Assisted by bots powering up and referring to "LRC-V3" 1518 | -9/Mines | Entered Materials 1518 | -8/Materials | Accompanied by 3 allies 1518 | -8/Materials | Evolved 4 slots: Utility x3, Weapon x1 1632 | -8/Materials | Build established: Skirmisher 2085 | -8/Materials | Repaired Broken Exp. Sensor Array 2359 | -8/Materials | Discovered new exit (range 16) 2946 | -8/Materials | Discovered new exit (range 16) 3393 | -8/Materials | Discovered new exit (range 3) 3728 | -8/Materials | Identified exit to Garrison 3731 | -8/Materials | Entered Garrison 3795 | -8/Garrison | Triggered checkpoint 3845 | -8/Garrison | Garrison Relay disabled 3979 | -8/Garrison | Triggered checkpoint 4016 | -8/Garrison | Triggered checkpoint 4268 | -8/Garrison | Build established: Tank 4332 | -8/Garrison | Phase Generator disabled 4465 | -8/Garrison | Installed Relay Interface Framework 4522 | -8/Garrison | Discovered new exit (range 5) 4575 | -8/Garrison | Triggered checkpoint 4671 | -8/Garrison | Garrison Relay disabled 4933 | -8/Garrison | Triggered checkpoint 5038 | -8/Garrison | Discovered new exit (range 13) 5398 | -8/Garrison | Discovered new exit (range 10) 5485 | -8/Garrison | Garrison Relay disabled 5805 | -8/Garrison | Entered Materials 6205 | -8/Materials | First assault squad dispatched 6487 | -8/Materials | Discovered new exit (range 3) 6748 | -8/Materials | Build established: Mutant 7080 | -8/Materials | AWS/Thermal suddenly broke down 7510 | -8/Materials | Repaired Arm. Treads 7527 | -8/Materials | Core integrity fell below 50% 8417 | -8/Materials | Identified exit to Garrison 8417 | -8/Materials | Entered Garrison 8430 | -8/Garrison | Triggered checkpoint 8673 | -8/Garrison | Triggered checkpoint 8702 | -8/Garrison | Garrison Relay disabled 9199 | -8/Garrison | AWS/Thermal suddenly broke down 9265 | -8/Garrison | Lost 3 parts (1p2u) 9433 | -8/Garrison | Triggered checkpoint 9685 | -8/Garrison | Discovered new exit (range 10) 10029 | -8/Garrison | Triggered checkpoint 10063 | -8/Garrison | Triggered checkpoint 10151 | -8/Garrison | Expanded RIF knowledge: Zone Cloak 10292 | -8/Garrison | Discovered new exit (range 5) 10741 | -8/Garrison | Phase Generator disabled 10745 | -8/Garrison | Core integrity fell below 20% 10920 | -8/Garrison | Garrison Relay disabled 10920 | -8/Garrison | Garrison Relay disabled 10926 | -8/Garrison | Garrison Relay disabled 10960 | -8/Garrison | Garrison Relay disabled 11080 | -8/Garrison | Discovered new exit (range 10) 11118 | -8/Garrison | Entered Factory 11118 | -7/Factory | Evolved 2 slots: Utility x2 11263 | -7/Factory | Build established: Bothacker-Mutant 12050 | -7/Factory | Cargo convoy interrupted 12165 | -7/Factory | Repaired Broken Enh. Nuclear Core 12257 | -7/Factory | Found Rocket Array 12261 | -7/Factory | Found Rocket Array 12318 | -7/Factory | First assault squad dispatched 13180 | -7/Factory | Garrison activated, responded to threat 13346 | -7/Factory | Lost 4 parts (3u1w) 13407 | -7/Factory | Lost 4 parts (1n1u2w) 13432 | -7/Factory | Core integrity fell below 50% 13482 | -7/Factory | Core integrity fell below 20% 13492 | -7/Factory | Destroyed self with Rocket Array Last Messages --------------- >>amplify_resonance Amplifying resonance, compromised power stability. 13467_ Katana destroyed. 13471_ S-27 Virus Lgt. Nuclear Core critical resonance detonation. 13471_ S-27 Virus destroyed. 13475_ Dropped Hcp. Storage Unit. 13475_ Dropped Imp. Particle Charger. 13477_ K-01 Serf cleans the DSF Access. 13477_ Arm. Wheel destroyed. 13477_ Med. Treads destroyed. 13477_ Acquired Rocket Array. 13480_ Dropped Mic. Nuclear Core. 13481_ Dropped Transmission Jammer. 13481_ Dropped Imp. Melee Analysis Suite. 13482_ Remote Datajack destroyed. 13483_ R-06 Scavenger collects Hcp. Matter Pod. 13484_ Hacking Suite destroyed. 13492_ Destroyed VTOL Module. 13492_ S-27 Virus destroyed. [Achievement: This Is Interesting...] Map ----- +----------------------------------------------------+ | ???# # "" """?# ! """" """" #????????????? | | ???# % + "Y # """" """" #????????????? | | ???# # "" # """" """" #?############ | | ???# #?? # #?# | | ?###% ###??###### #?# | | ?# ##############+#####+####### | | ## # ! [ | | ^ % # | | ^^ # | | / | | !* # !! | | ^ ![!! % % ^ # ! | | ## !![! g ^ # | | ?# ######## "+######### # ! | | ?## ##??# ] ! ######## # | | ??# T#??# g""" # # ##+####+#### | | ??# #??# """"# # ?????# #??? | | ??# ##??# """" "F""# # ????# #??? | | ??# #???# """" ""# # ????# #### | | ??# #???# """" =%""" # ???## ## | | ??# #???# """" = "" # ### # | | ??# #???# * [ + " + " | | ??# #???# """" """" " " # ####### # " | | ??# #???# """" """" "G" ####??????## ## " | | ??# #???# """" """" " #??????????# ## | | ### #???? """" """"@ ######?????# #### | | ## #????? ######## # #?##### # "" | | ## #?????###########????## #?# # "Y | | ## #????????????????????# ### #=" | | ## #?????????????????????# + [! | | #"# #?????????????????????# l =### # | | #?????????????????????# ### # | | #????????????########## !* ###+###### | | #????????????# # [# ! ] | | """ #????????????# = # | | """ #????????????# #= # """ """ """ | | """ #????????????# #=[ # """ """???? | | #????????????# # # """ ""????? | | "" """ [ #????????????# # # ?? | | "" """ #????????????# # ############? | | "" ""? #????????????# # #[ ##?? | | ? ? #????????????###+####### # """ #?? | | ?" "??? #??????????????# ??????# #! """ #??? | | ?" "???? ????????????????#???????# # """ #??? | | ?? ??????????????????????????????# + * [#??? | | ?? ??????????????????????????????# # """ [ #??? | | ?? ???????????????????????????#### # "T #??? | | ????????????????????????#######"## # """ #??? | | ????????????????????????# # # #??? | | ????????????????????????# """ # #"""##"""#??? | +----------------------------------------------------+ Best States ------------- Heat Dissipation 61 Energy Generation 18 Energy Capacity 310 Matter Stores 300 Matter Capacity 300 Sight Range 16 Robot Scan Range 20 Terrain Scan Density 10 Jamming Range 12 Additional Mass Support 9 Armor Coverage 675 Propulsion Shielding 66 Phase Shifting 5 Evasion (%) 50 Targeting Accuracy 5 Recoil Reduction 2 Offensive Hacking 10 Relay Coupler Types 3 Relay Coupler Value 70 Trap Extractor Capacity 4 Item Schematics ----------------- Hrd. Medium Armor Plating | -8/Materials | Scanalyzed Arm. Treads | -8/Materials | Scanalyzed Adv. Treads | -8/Materials | Scanalyzed Enh. Nuclear Core | -7/Factory | Scanalyzed Robot Schematics ------------------ None Fabricated ------------ Nothing Repaired ---------- Exp. Sensor Array | 62% | -8/Materials | Broken Arm. Treads | 13% | -8/Materials Enh. Nuclear Core | 65% | -7/Factory | Broken Alien Tech Used ----------------- None Achievements -------------- Armchair Analyst Assimilation Complete Error 47 Infiltrator This Is Interesting... Challenges ------------ None Game ------ Seed NodeRapidAmplifier Manual? 0 Play Time 02:51:41 Cumulative 28.6 hours Start 2025.06.27 @ 12:15:19 End 2025.07.12 @ 13:13:54 Sessions 3 Manual Loads 0 Difficulty Rogue Special Mode None Game No. 15 Rogue 15 Adventurer 0 Explorer 0 Win Type - Total 0 Types 0/0/0/0/0/0/0/0/0/0 Lore% 25 Gallery% 26 Achievement% 29 Wizard Run 0 Options --------- Layout 0 ASCII 0 Keyboard 1 Movement Numpad Keybinds 0 Fullscreen 2 Font 18/SmallcapsGlow Map View 76x50 Zoom Use 0% Tactical HUD 1 Map Filters NONE Filters NONE Steam 1 RUN: e096e5f5-920d-4e85-8c67-f4a7c41f1d6f